 Dungeon Crawl Stone Soup version bcrawl-1.21.2-1-g32d02e0829 (webtiles) character file.

Game seed: 13411053130529186340

32 Foic the Magician (level 3, 0/19 HPs)
             Began as a Skeleton Wizard on Feb 19, 2020.
             Killed from afar by a hobgoblin (8 damage)
             ... with a wand of flame (11)
             ... on level 2 of the Dungeon.
             The game lasted 00:09:55 (2037 turns).

Foic the Magician (Skeleton Wizard)                 Turns: 2037, Time: 00:09:56

Health: 0/19       AC:  3    Str: 13      XL:     3   Next: 8%
Magic:  0/10       EV: 12    Int: 16 (17) God:
Gold:   72         SH:  0    Dex:  6 (7)  Spells: 5/13 levels left

rFire    . . .     SeeInvis .   a - +1 staff
rCold    + . .     Gourm    .   (no shield)
rNeg     + + +     Faith    .   j - +0 robe
rPois    ∞         Spirit   +   d - +0 helmet
rElec    .         Reflect  .   (no cloak)
rCorr    .         Harm     .   (no gloves)
MR       .....                  (no boots)
Stlth    ++........             (no amulet)
HPRegen  0.06/turn              (no ring)
MPRegen  0.12/turn              (no ring)

@: no status effects
A: no food or potions, cold resistance 1, deterioration 1, negative energy
resistance 3, torment resistance, unbreathing, magic shield, sturdy frame 1,
spell healing
a: no special abilities


You were on level 2 of the Dungeon.
You were not hungry.

You visited 1 branch of the dungeon, and saw 2 of its levels.

You collected 72 gold pieces.

Inventory:

Hand Weapons
 a - a +1 staff (weapon)
 b - a +0 hunting sling
 k - a +2 whip of venom
Missiles
 e - 430 stones (quivered)
 f - 480 arrows
Armour
 c - a +0 hat
 d - a +0 helmet (worn)
 j - a +0 robe (worn)
Jewellery
 h - an uncursed ring of positive energy {unknown}
 i - an uncursed amulet of the acrobat {unknown}
Scrolls
 g - a scroll of fog


   Skills:
 + Level 2.0 Dodging
 + Level 2.8 Stealth
 + Level 5.5 Spellcasting
 + Level 1.5 Conjurations
 + Level 1.2 Summonings
 + Level 0.7 Translocations


You had 5 spell levels left.
You knew the following spells:

 Your Spells              Type           Power        Failure   Level  Hunger
a - Magic Dart            Conj           #...         8%          1    N/A
b - Call Imp              Summ           #.....       13%         2    N/A
c - Blink                 Tloc           N/A          16%         2    N/A
d - Conjure Flame         Conj/Fire      #.......     32%         3    N/A

Your spell library contained the following spells:

 Spells                   Type           Power        Failure   Level  Hunger
 Mephitic Cloud           Conj/Pois/Air  #.......     34%         3    N/A
 Spider Form              Tmut/Pois      Unusable     N/A         3    N/A

Dungeon Overview and Level Annotations

Branches:
Dungeon (2/12)

Altars:


Innate Abilities, Weirdness & Mutations

You do not eat or drink.
You are immune to poison.
Your flesh is cold resistant. (rC+)
Your body sometimes deteriorates upon taking damage.
You are immune to negative energy. (rN+++)
You are immune to unholy pain and torment.
You can survive without breathing.
When hurt, damage is shared between your health and your magic reserves.
Your movements are slightly less encumbered by armour. (ER -2)
Casting spells heals you.


Message History

The magic dart hits the hobgoblin but does no damage.
Casting: Magic Dart (safe; 8% risk of failure)
Confirm with . or Enter, or press ? or * to list all spells.
Aiming: Magic Dart (safe; 8% risk of failure)
Press: ? - help, Shift-Dir - straight line, f/p - hobgoblin
Aim: a hobgoblin, wielding a +0 club and carrying a wand of flame (12)
The magic dart hits the hobgoblin.
The hobgoblin is heavily wounded.
The hobgoblin zaps a wand.
The puff of flame hits you!
Ouch! That really hurt!
Your body deteriorates!
You feel dopey.
Casting: Magic Dart (safe; 8% risk of failure)
Confirm with . or Enter, or press ? or * to list all spells.
Aiming: Magic Dart (safe; 8% risk of failure)
Press: ? - help, Shift-Dir - straight line, f/p - hobgoblin
Aim: a hobgoblin, wielding a +0 club and carrying a wand of flame (11) (heavily wounded)
The magic dart hits the hobgoblin.
The hobgoblin is severely wounded.
The hobgoblin zaps a wand.
The puff of flame hits you!
You die...

#...# .# #.#.#
########## .#
###.#.#####.........
.#
.............######
....#.####...#
#.###.# #...# #.# #.#
###.# #.# #.#
#.########
#.###.######.†..@.g.#
...........########.#
#.###.####.# #.#
#≈≈≈. #.....# #.#
##.##≈≈... ####..#
#.# #..#≈≈....
......# #.#
#.##≈..5.. ####.##
#.# #.#≈≈w.... #.###
#.# #.#≈.†...8
#<..###.## #)#≈..../.


You could see a hobgoblin.

Vanquished Creatures
  An ooze (D:1)
  A dart slug (D:2)
  2 goblins
  A hobgoblin (D:2)
  2 jackals (D:1)
  4 kobolds
  2 bats
  4 frilled lizards
  5 rats
22 creatures vanquished.

Vanquished Creatures (collateral kills)
  An ooze (D:2)
  2 goblins
  A hobgoblin (D:1)
  2 jackals (D:2)
6 creatures vanquished.

Grand Total: 28 creatures vanquished

Notes
Turn   | Place    | Note
-------+----------+-------------------------------------------
     0 | D:1      | Foic the Skeleton Wizard began the quest for the Orb.
     0 | D:1      | Reached XP level 1. HP: 10/10 MP: 5/5
   472 | D:1      | Reached skill level 5 in Spellcasting
   580 | D:1      | Reached XP level 2. HP: 15/15 MP: 1/8
   584 | D:1      | Learned a level 2 spell: Call Imp
   587 | D:1      | Learned a level 2 spell: Blink
  1911 | D:2      | Reached XP level 3. HP: 14/19 MP: 0/10
  1929 | D:2      | Learned a level 3 spell: Conjure Flame
  2037 | D:2      | Killed from afar by a hobgoblin

Skill      XL: |  1 |
---------------+----+-----
Spellcasting   | 5 |  5.5
Dodging        | |  2.0
Stealth        | |  2.8
Conjurations   | |  1.5
Summonings     | |  1.2
Translocations | |  0.7

Action                   || total
-------------------------++-------
 Cast: Magic Dart        ||    57
       Call Imp          ||    18
       Blink             ||     1
       Conjure Flame     ||     1
  Use: Scroll            ||     3
Armor: Robe              ||    14
Dodge: Dodged            ||    37
